2530 views
Uploaded 2021-11-23 14:40:11
Game version 1.32.10
30:03 long 3on3 ladder game on (6)RuinsOfStratholme
Saved by xzz
2530 views
Uploaded 2021-11-23 14:40:11
Game version 1.32.10
30:03 long 3on3 ladder game on (6)RuinsOfStratholme


139 units @ 20.5k
/ 3.2k
69 buildings @ 11.3k
/ 4.7k

| Lesser Clarity Potion | 4 | 280 |
| Potion of Healing | 3 | 450 |
| Potion of Mana | 1 | 200 |
| Scroll of Town Portal | 3 | 1050 |
| Healing Salve | 3 | 300 |
| Scroll of Speed | 3 | 150 |
| Orb of Lightning | 1 | 375 |
| total: | 18 | 2805g |
| Wisp | 21 | 1260 | / | 0 |
| Archer | 16 | 2080 | / | 160 |
| Hippogryph | 10 | 1600 | / | 200 |
| Mountain Giant | 4 | 1400 | / | 400 |
| total: | 51 | 6340g | / | 760w |
| Altar of Elders | 1 | 180 | / | 50 |
| Moon Well | 6 | 1080 | / | 240 |
| Ancient of War | 2 | 300 | / | 120 |
| Ancient of Wonders | 1 | 90 | / | 30 |
| Hunter's Hall | 1 | 210 | / | 100 |
| Tree of Life | 1 | 340 | / | 185 |
| Ancient of Wind | 2 | 300 | / | 280 |
| Ancient of Lore | 2 | 310 | / | 290 |
| Tree of Ages | 1 | 320 | / | 180 |
| Tree of Eternity | 1 | 330 | / | 200 |
| total: | 16 | 2810g | / | 1295w |
| 0:09 | Altar of Elders |
| 0:12 | Moon Well |
| 0:15 | Wisp |
| 0:16 | Wisp |
| 0:44 | Ancient of War |
| 0:47 | Wisp |
| 1:15 | Wisp |
| 1:16 | Wisp |
| 1:44 | Wisp |
| 1:52 | Archer |
| 1:54 | Wisp |
| 2:13 | Moon Well |
| 2:15 | Archer |
| 2:21 | Shadow Strike |
| 2:57 | Tree of Ages |
| 3:06 | Archer |
| 3:09 | Moon Well |
| 3:13 | Archer |
| 3:22 | Healing Salve |
| 3:27 | Scroll of Speed |
| 3:43 | Archer |
| 4:18 | Archer |
| 4:36 | Archer |
| 5:17 | Ancient of Wonders |
| 5:20 | Ancient of Wind |
| 5:25 | Hunter's Hall |
| 5:27 | Wisp |
| 5:27 | Wisp |
| 5:28 | Archer |
| 5:43 | Blink |
| 6:26 | Hippogryph |
| 6:26 | Hippogryph |
| 6:32 | Ancient of Lore |
| 6:35 | Wisp |
| 6:35 | Wisp |
| 6:37 | Moon Well |
| 7:09 | Hippogryph |
| 7:12 | Ancient of Lore |
| 7:14 | Wisp |
| 7:15 | Wisp |
| 7:48 | Lesser Clarity Potion |
| 7:54 | Mountain Giant |
| 8:04 | Improved Bows |
| 8:19 | Archer |
| 8:21 | Hippogryph |
| 8:25 | Hippogryph |
| 10:04 | Shadow Strike |
| 10:37 | Mountain Giant |
| 10:39 | Hippogryph |
| 10:40 | Archer |
| 10:52 | Tree of Life |
| 11:00 | Archer |
| 11:08 | Hippogryph |
| 11:11 | Healing Salve |
| 11:15 | Lesser Clarity Potion |
| 11:19 | Scroll of Speed |
| 11:37 | Wisp |
| 11:38 | Wisp |
| 11:38 | Wisp |
| 11:38 | Wisp |
| 12:16 | Moon Well |
| 12:19 | Tree of Eternity |
| 12:45 | Scroll of Town Portal |
| 13:28 | Archer |
| 13:30 | Mountain Giant |
| 14:16 | Archer |
| 14:24 | Blink |
| 14:33 | Hippogryph |
| 14:53 | Hardened Skin |
| 14:54 | Resistant Skin |
| 14:56 | Archer |
| 15:17 | Wisp |
| 15:17 | Wisp |
| 15:18 | Wisp |
| 15:35 | Hippogryph |
| 17:30 | Well Spring |
| 17:30 | Reinforced Hides |
| 17:31 | Strength of the Wild |
| 17:34 | Hippogryph |
| 17:36 | Archer |
| 17:36 | Marksmanship |
| 17:40 | Moon Well |
| 18:10 | Strength of the Moon |
| 18:11 | Moon Armor |
| 18:47 | Archer |
| 18:49 | Mountain Giant |
| 18:58 | Wisp |
| 19:02 | Ultravision |
| 19:03 | Nature's Blessing |
| 19:30 | Shadow Strike |
| 20:52 | Improved Strength of the Wild |
| 20:52 | Improved Reinforced Hides |
| 20:58 | Ancient of Wind |
| 21:07 | Ancient of War |
| 24:41 | Orb of Lightning |
| 24:41 | Scroll of Town Portal |
| 24:42 | Potion of Healing |
| 25:00 | Scroll of Speed |
| 25:01 | Potion of Mana |
| 28:41 | Spirit of Vengeance |
| 28:55 | Healing Salve |
| 28:55 | Lesser Clarity Potion |
| 29:00 | Potion of Healing |
| 29:03 | Lesser Clarity Potion |
| 29:05 | Scroll of Town Portal |
| 29:06 | Potion of Healing |
| Right click | 1306 |
| Select | 375 |
| Select group | 174 |
| Chat | 135 |
| Build/train/purchase | 132 |
| Use ability | 76 |
| Assign group | 34 |
| Misc. action | 16 |
| Esc | 6 |
| Remove unit | 1 |
| Minimap ping | 1 |



| Rod of Necromancy | 1 | 150 |
| Sacrificial Skull | 1 | 50 |
| Potion of Mana | 2 | 400 |
| Potion of Healing | 1 | 150 |
| Scroll of Town Portal | 4 | 1400 |
| total: | 9 | 2150g |
| Acolyte | 10 | 750 | / | 0 |
| Ghoul | 10 | 1200 | / | 0 |
| Crypt Fiend | 8 | 1720 | / | 320 |
| Obsidian Statue | 2 | 400 | / | 70 |
| Frost Wyrm | 4 | 1540 | / | 480 |
| Gargoyle | 3 | 525 | / | 90 |
| total: | 37 | 6135g | / | 960w |
| Nerubian Tower | 1 | 100 | / | 20 |
| Spirit Tower | 1 | 145 | / | 40 |
| Graveyard | 1 | 215 | / | 0 |
| Crypt | 2 | 400 | / | 100 |
| Ziggurat | 17 | 2550 | / | 850 |
| Altar of Darkness | 1 | 180 | / | 50 |
| Tomb of Relics | 1 | 130 | / | 30 |
| Necropolis | 4 | 900 | / | 0 |
| Slaughterhouse | 1 | 140 | / | 135 |
| Sacrificial Pit | 1 | 75 | / | 150 |
| Boneyard | 2 | 350 | / | 400 |
| Halls of the Dead | 1 | 320 | / | 210 |
| Black Citadel | 1 | 325 | / | 230 |
| total: | 30 | 4940g | / | 1715w |
| 0:02 | Acolyte |
| 0:02 | Acolyte |
| 0:35 | Graveyard |
| 0:38 | Crypt |
| 0:39 | Ziggurat |
| 0:43 | Ziggurat |
| 0:55 | Altar of Darkness |
| 1:21 | Tomb of Relics |
| 1:26 | Ziggurat |
| 1:44 | Ghoul |
| 1:51 | Ghoul |
| 2:24 | Crypt Fiend |
| 2:53 | Crypt Fiend |
| 2:56 | Carrion Beetles |
| 3:01 | Rod of Necromancy |
| 3:02 | Sacrificial Skull |
| 3:13 | Crypt Fiend |
| 3:23 | Acolyte |
| 4:07 | Necropolis |
| 4:21 | Ziggurat |
| 4:31 | Impale |
| 4:36 | Ghoul |
| 4:41 | Ghoul |
| 5:05 | Halls of the Dead |
| 5:21 | Ziggurat |
| 5:40 | Crypt Fiend |
| 5:44 | Impale |
| 6:16 | Crypt Fiend |
| 6:20 | Ziggurat |
| 6:49 | Acolyte |
| 6:49 | Acolyte |
| 6:50 | Acolyte |
| 6:50 | Acolyte |
| 6:54 | Crypt Fiend |
| 7:07 | Carrion Beetles |
| 7:50 | Black Citadel |
| 7:52 | Slaughterhouse |
| 8:05 | Burrow |
| 8:19 | Web |
| 8:26 | Death Coil |
| 9:54 | Obsidian Statue |
| 9:55 | Obsidian Statue |
| 9:57 | Potion of Mana |
| 9:57 | Potion of Mana |
| 9:58 | Potion of Healing |
| 9:59 | Scroll of Town Portal |
| 10:18 | Sacrificial Pit |
| 10:20 | Boneyard |
| 10:22 | Crypt |
| 10:28 | Ziggurat |
| 10:31 | Ziggurat |
| 10:38 | Ziggurat |
| 11:09 | Boneyard |
| 11:11 | Destroyer Form |
| 11:20 | Frost Nova |
| 11:36 | Ghoul Frenzy |
| 11:38 | Ghoul |
| 11:38 | Ghoul |
| 11:40 | Frost Wyrm |
| 11:56 | Ghoul |
| 12:29 | Frost Wyrm |
| 12:38 | Scroll of Town Portal |
| 13:25 | Frost Wyrm |
| 14:23 | Crypt Fiend |
| 14:38 | Scroll of Town Portal |
| 14:52 | Unholy Aura |
| 15:36 | Frost Wyrm |
| 15:39 | Impale |
| 15:46 | Dark Ritual |
| 15:57 | Ghoul |
| 16:49 | Death Coil |
| 16:51 | Crypt Fiend |
| 17:05 | Frost Nova |
| 17:09 | Acolyte |
| 18:02 | Necropolis |
| 18:05 | Ghoul |
| 18:05 | Ghoul |
| 18:56 | Necropolis |
| 19:36 | Creature Attack |
| 19:37 | Creature Carapace |
| 20:23 | Gargoyle |
| 20:49 | Scroll of Town Portal |
| 21:05 | Gargoyle |
| 21:09 | Acolyte |
| 21:09 | Acolyte |
| 21:47 | Gargoyle |
| 23:51 | Improved Creature Attack |
| 23:51 | Improved Creature Carapace |
| 25:37 | Ziggurat |
| 25:37 | Ziggurat |
| 25:39 | Ziggurat |
| 25:40 | Ziggurat |
| 25:41 | Ziggurat |
| 25:43 | Ziggurat |
| 25:47 | Nerubian Tower |
| 25:48 | Spirit Tower |
| 26:24 | Locust Swarm |
| 26:44 | Unholy Aura |
| 27:04 | Necropolis |
| 27:35 | Dark Ritual |
| 28:35 | Death Coil |
| 29:46 | Carrion Beetles |
| 29:51 | Frost Nova |
| 29:58 | Ziggurat |
| 29:59 | Ziggurat |
| Right click | 677 |
| Select | 391 |
| Select group | 326 |
| Chat | 243 |
| Build/train/purchase | 93 |
| Use ability | 54 |
| Assign group | 45 |
| Misc. action | 37 |
| Minimap ping | 36 |
| Item give/drop | 4 |
| Remove unit | 3 |


| Healing Salve | 5 | 500 |
| Lesser Clarity Potion | 2 | 140 |
| Potion of Healing | 1 | 150 |
| Scroll of Town Portal | 1 | 350 |
| Scroll of Protection | 1 | 150 |
| Circlet of Nobility | 1 | 175 |
| total: | 11 | 1465g |
| Peon | 11 | 825 | / | 0 |
| Grunt | 1 | 200 | / | 0 |
| Troll Headhunter | 17 | 2380 | / | 340 |
| Kodo Beast | 2 | 510 | / | 120 |
| Shaman | 7 | 910 | / | 140 |
| Tauren | 9 | 2520 | / | 720 |
| Troll Batrider | 4 | 640 | / | 160 |
| total: | 51 | 7985g | / | 1480w |
| Watch Tower | 8 | 880 | / | 640 |
| Altar of Storms | 1 | 180 | / | 50 |
| Orc Burrow | 7 | 1120 | / | 280 |
| War Mill | 1 | 205 | / | 0 |
| Voodoo Lounge | 1 | 130 | / | 30 |
| Barracks | 1 | 180 | / | 50 |
| Great Hall | 1 | 385 | / | 185 |
| Spirit Lodge | 1 | 150 | / | 150 |
| Beastiary | 1 | 145 | / | 140 |
| Tauren Totem | 1 | 135 | / | 155 |
| Stronghold | 1 | 315 | / | 190 |
| Fortress | 1 | 325 | / | 190 |
| total: | 23 | 3510g | / | 1680w |
| 0:02 | Peon |
| 0:02 | Peon |
| 0:16 | Altar of Storms |
| 0:24 | Orc Burrow |
| 0:29 | Peon |
| 0:39 | War Mill |
| 0:43 | Peon |
| 0:59 | Peon |
| 1:13 | Peon |
| 1:20 | Voodoo Lounge |
| 1:36 | Barracks |
| 1:42 | Peon |
| 1:57 | Peon |
| 2:08 | Watch Tower |
| 2:18 | Orc Burrow |
| 2:26 | Wind Walk |
| 2:41 | Grunt |
| 3:04 | Pillage |
| 3:06 | Troll Headhunter |
| 3:09 | Healing Salve |
| 3:27 | Watch Tower |
| 3:40 | Troll Headhunter |
| 4:02 | Stronghold |
| 4:15 | Troll Headhunter |
| 4:19 | Critical Strike |
| 4:26 | Steel Ranged Weapons |
| 4:40 | Troll Headhunter |
| 5:10 | Troll Headhunter |
| 5:39 | Orc Burrow |
| 6:23 | Critical Strike |
| 7:04 | Fortress |
| 7:07 | Troll Regeneration |
| 7:12 | Spirit Lodge |
| 7:20 | Beastiary |
| 7:33 | Lesser Clarity Potion |
| 7:33 | Healing Salve |
| 7:34 | Potion of Healing |
| 7:48 | Reinforced Defenses |
| 7:51 | Feral Spirit |
| 8:03 | Watch Tower |
| 8:34 | Scroll of Protection |
| 8:39 | Circlet of Nobility |
| 8:59 | Kodo Beast |
| 9:05 | Shaman Adept Training |
| 9:53 | Wind Walk |
| 10:38 | Great Hall |
| 10:41 | Watch Tower |
| 10:46 | Watch Tower |
| 10:48 | Watch Tower |
| 11:01 | Shaman Master Training |
| 11:32 | Troll Headhunter |
| 11:37 | Orc Burrow |
| 11:52 | Orc Burrow |
| 12:35 | Watch Tower |
| 12:38 | Tauren Totem |
| 12:52 | Orc Burrow |
| 12:56 | Troll Headhunter |
| 13:01 | Shaman |
| 13:31 | Thorium Ranged Weapons |
| 13:33 | Shaman |
| 13:52 | Scroll of Town Portal |
| 14:26 | Tauren |
| 15:16 | War Drums Damage Increase |
| 15:17 | Shaman |
| 15:20 | Chain Lighting |
| 16:04 | Tauren |
| 16:12 | Orc Burrow |
| 16:38 | Tauren |
| 16:48 | Peon |
| 16:48 | Peon |
| 16:48 | Peon |
| 16:59 | Healing Salve |
| 17:03 | Spiked Barricades |
| 17:40 | Liquid Fire |
| 17:47 | Critical Strike |
| 19:20 | Tauren |
| 19:20 | Tauren |
| 19:24 | Troll Headhunter |
| 19:24 | Troll Headhunter |
| 19:24 | Troll Headhunter |
| 19:27 | Improved Spiked Barricades |
| 19:29 | Troll Batrider |
| 19:29 | Troll Batrider |
| 20:08 | Troll Headhunter |
| 20:08 | Troll Headhunter |
| 21:47 | Tauren |
| 21:47 | Tauren |
| 21:54 | Troll Headhunter |
| 21:54 | Troll Headhunter |
| 21:54 | Troll Headhunter |
| 21:56 | Kodo Beast |
| 21:57 | Shaman |
| 21:58 | Shaman |
| 22:32 | Watch Tower |
| 22:37 | Healing Salve |
| 22:37 | Healing Salve |
| 22:38 | Lesser Clarity Potion |
| 22:58 | Tauren |
| 23:09 | Shaman |
| 23:10 | Shaman |
| 23:13 | Troll Headhunter |
| 23:13 | Troll Headhunter |
| 23:24 | Tauren |
| 23:29 | Troll Batrider |
| 23:29 | Troll Batrider |
| 23:40 | Berserker Upgrade |
| 23:59 | Pulverize |
| 27:08 | Feral Spirit |
| 27:30 | Bladestorm |
| Right click | 490 |
| Select | 447 |
| Build/train/purchase | 138 |
| Chat | 64 |
| Select group | 37 |
| Misc. action | 26 |
| Use ability | 18 |
| Assign group | 12 |
| Resource trade | 10 |
| Item give/drop | 3 |
| Remove unit | 1 |
122 units @ 19.4k
/ 2.8k
57 buildings @ 9k
/ 3.5k


| Scroll of Regeneration | 1 | 100 |
| Ivory Tower | 5 | 200 |
| Scroll of Town Portal | 1 | 350 |
| total: | 7 | 650g |
| Peasant | 14 | 1050 | / | 0 |
| Footman | 8 | 1080 | / | 0 |
| Rifleman | 9 | 1845 | / | 270 |
| Dragonhawk Rider | 3 | 600 | / | 90 |
| Gryphon Rider | 12 | 3360 | / | 840 |
| Knight | 7 | 1715 | / | 420 |
| total: | 53 | 9650g | / | 1620w |
| Guard Tower | 5 | 350 | / | 250 |
| Farm | 12 | 960 | / | 240 |
| Altar of Kings | 1 | 180 | / | 50 |
| Barracks | 1 | 160 | / | 60 |
| Lumber Mill | 1 | 120 | / | 0 |
| Blacksmith | 1 | 140 | / | 60 |
| Arcane Vault | 1 | 130 | / | 30 |
| Town Hall | 2 | 770 | / | 410 |
| Gryphon Aviary | 1 | 140 | / | 150 |
| Keep | 1 | 320 | / | 210 |
| Castle | 1 | 360 | / | 210 |
| total: | 20 | 2600g | / | 1000w |
| 0:04 | Peasant |
| 0:04 | Peasant |
| 0:04 | Peasant |
| 0:04 | Peasant |
| 0:05 | Peasant |
| 0:22 | Farm |
| 0:37 | Altar of Kings |
| 0:53 | Barracks |
| 1:02 | Farm |
| 1:43 | Lumber Mill |
| 1:54 | Farm |
| 1:58 | Footman |
| 1:58 | Footman |
| 1:58 | Footman |
| 1:58 | Footman |
| 2:36 | Blacksmith |
| 2:40 | Footman |
| 2:46 | Holy Light |
| 2:54 | Improved Lumber Harvesting |
| 3:52 | Arcane Vault |
| 4:04 | Iron Forged Swords |
| 4:04 | Black Gunpowder |
| 4:04 | Iron Plating |
| 4:22 | Divine Shield |
| 4:27 | Rifleman |
| 4:28 | Rifleman |
| 5:03 | Farm |
| 5:35 | Keep |
| 6:22 | Rifleman |
| 6:22 | Footman |
| 6:22 | Footman |
| 6:23 | Footman |
| 6:57 | Town Hall |
| 7:05 | Scroll of Regeneration |
| 7:09 | Holy Light |
| 8:05 | Peasant |
| 8:05 | Peasant |
| 8:06 | Peasant |
| 8:13 | Gryphon Aviary |
| 8:16 | Advanced Lumber Harvesting |
| 10:38 | Dragonhawk Rider |
| 10:38 | Dragonhawk Rider |
| 10:39 | Dragonhawk Rider |
| 10:43 | Farm |
| 10:54 | Castle |
| 11:05 | Rifleman |
| 11:37 | Peasant |
| 11:37 | Peasant |
| 11:38 | Peasant |
| 12:07 | Studded Leather Armor |
| 12:46 | Refined Gunpowder |
| 12:48 | Rifleman |
| 13:19 | Summon Water Elemental |
| 13:27 | Improved Masonry |
| 14:23 | Storm Hammers |
| 15:18 | Gryphon Rider |
| 15:18 | Gryphon Rider |
| 15:18 | Gryphon Rider |
| 15:19 | Gryphon Rider |
| 15:25 | Farm |
| 15:32 | Knight |
| 16:49 | Reinforced Leather Armor |
| 16:55 | Farm |
| 17:03 | Knight |
| 17:03 | Knight |
| 17:14 | Ivory Tower |
| 17:14 | Ivory Tower |
| 17:27 | Guard Tower |
| 17:33 | Guard Tower |
| 18:01 | Ivory Tower |
| 18:20 | Scroll of Town Portal |
| 18:29 | Guard Tower |
| 18:39 | Knight |
| 18:40 | Knight |
| 18:44 | Rifleman |
| 19:27 | Gryphon Rider |
| 19:27 | Gryphon Rider |
| 19:35 | Ivory Tower |
| 19:35 | Ivory Tower |
| 19:48 | Rifleman |
| 19:48 | Rifleman |
| 20:09 | Peasant |
| 20:09 | Peasant |
| 20:12 | Peasant |
| 20:16 | Gryphon Rider |
| 20:16 | Gryphon Rider |
| 20:26 | Farm |
| 22:05 | Divine Shield |
| 22:21 | Town Hall |
| 23:14 | Gryphon Rider |
| 23:14 | Gryphon Rider |
| 23:21 | Farm |
| 23:48 | Imbued Gunpowder |
| 23:48 | Steel Forged Swords |
| 24:00 | Blizzard |
| 24:41 | Farm |
| 25:53 | Farm |
| 26:43 | Farm |
| 26:51 | Guard Tower |
| 26:58 | Knight |
| 26:58 | Knight |
| 27:35 | Divine Shield |
| 28:12 | Gryphon Rider |
| 28:12 | Gryphon Rider |
| 28:26 | Guard Tower |
| 28:44 | Rifleman |
| Right click | 302 |
| Select | 243 |
| Build/train/purchase | 95 |
| Use ability | 20 |

| Rod of Necromancy | 1 | 150 |
| Potion of Healing | 3 | 450 |
| Scroll of Town Portal | 2 | 700 |
| total: | 6 | 1300g |
| Acolyte | 9 | 675 | / | 0 |
| Ghoul | 3 | 360 | / | 0 |
| Crypt Fiend | 15 | 3225 | / | 600 |
| Necromancer | 6 | 870 | / | 120 |
| Forest Troll High Priest | 1 | 305 | / | 40 |
| total: | 34 | 5435g | / | 760w |
| Nerubian Tower | 1 | 100 | / | 20 |
| Spirit Tower | 7 | 1015 | / | 280 |
| Altar of Darkness | 1 | 180 | / | 50 |
| Ziggurat | 13 | 1950 | / | 650 |
| Crypt | 2 | 400 | / | 100 |
| Graveyard | 1 | 215 | / | 0 |
| Tomb of Relics | 1 | 130 | / | 30 |
| Necropolis | 1 | 225 | / | 0 |
| Temple of the Damned | 1 | 155 | / | 140 |
| Halls of the Dead | 1 | 320 | / | 210 |
| Black Citadel | 1 | 325 | / | 230 |
| total: | 20 | 3255g | / | 970w |
| 0:11 | Acolyte |
| 0:20 | Altar of Darkness |
| 0:26 | Ziggurat |
| 0:39 | Crypt |
| 0:42 | Acolyte |
| 1:15 | Graveyard |
| 1:40 | Ghoul |
| 1:41 | Ghoul |
| 1:51 | Ziggurat |
| 2:15 | Ghoul |
| 2:33 | Death Coil |
| 2:45 | Ziggurat |
| 2:47 | Crypt Fiend |
| 3:03 | Tomb of Relics |
| 3:11 | Creature Attack |
| 3:47 | Crypt Fiend |
| 3:59 | Creature Carapace |
| 4:06 | Crypt Fiend |
| 5:00 | Unholy Aura |
| 5:06 | Crypt Fiend |
| 5:07 | Halls of the Dead |
| 5:33 | Crypt Fiend |
| 5:42 | Nerubian Tower |
| 5:48 | Spirit Tower |
| 7:00 | Unholy Aura |
| 7:08 | Spirit Tower |
| 7:11 | Crypt Fiend |
| 7:11 | Crypt Fiend |
| 7:17 | Ziggurat |
| 7:21 | Ziggurat |
| 7:45 | Rod of Necromancy |
| 7:45 | Potion of Healing |
| 7:53 | Crypt Fiend |
| 8:26 | Acolyte |
| 8:39 | Improved Creature Carapace |
| 9:09 | Forest Troll High Priest |
| 9:26 | Death Coil |
| 10:10 | Spirit Tower |
| 10:16 | Web |
| 10:19 | Potion of Healing |
| 10:43 | Potion of Healing |
| 10:52 | Scroll of Town Portal |
| 11:08 | Acolyte |
| 11:47 | Improved Creature Attack |
| 12:46 | Crypt Fiend |
| 12:47 | Crypt Fiend |
| 13:24 | Necropolis |
| 13:29 | Ziggurat |
| 13:31 | Ziggurat |
| 14:20 | Acolyte |
| 14:20 | Acolyte |
| 14:21 | Acolyte |
| 14:25 | Spirit Tower |
| 14:28 | Spirit Tower |
| 15:24 | Burrow |
| 15:25 | Crypt Fiend |
| 15:25 | Crypt Fiend |
| 15:25 | Crypt Fiend |
| 15:27 | Black Citadel |
| 16:09 | Ziggurat |
| 16:10 | Ziggurat |
| 16:14 | Ziggurat |
| 16:47 | Scroll of Town Portal |
| 17:18 | Spirit Tower |
| 17:48 | Temple of the Damned |
| 17:57 | Advanced Creature Attack |
| 18:41 | Unholy Aura |
| 19:21 | Ziggurat |
| 19:22 | Ziggurat |
| 19:23 | Ziggurat |
| 20:20 | Crypt Fiend |
| 20:20 | Crypt Fiend |
| 20:22 | Necromancer |
| 20:23 | Necromancer |
| 20:23 | Necromancer |
| 20:23 | Necromancer |
| 20:24 | Necromancer |
| 20:38 | Spirit Tower |
| 22:15 | Necromancer |
| 25:04 | Animate Dead |
| 26:51 | Acolyte |
| 26:54 | Acolyte |
| 26:59 | Crypt |
| Right click | 894 |
| Select | 281 |
| Build/train/purchase | 86 |
| Use ability | 28 |
| Misc. action | 13 |
| Assign group | 5 |
| Select group | 3 |
| Remove unit | 2 |
| Item give/drop | 1 |


| Scroll of Town Portal | 1 | 350 |
| total: | 1 | 350g |
| Wisp | 19 | 1140 | / | 0 |
| Archer | 6 | 780 | / | 60 |
| Hippogryph | 3 | 480 | / | 60 |
| Huntress | 3 | 585 | / | 60 |
| Chimaera | 4 | 1320 | / | 280 |
| total: | 35 | 4305g | / | 460w |
| Ancient Protector | 1 | 135 | / | 80 |
| Altar of Elders | 1 | 180 | / | 50 |
| Moon Well | 7 | 1260 | / | 280 |
| Ancient of War | 1 | 150 | / | 60 |
| Hunter's Hall | 1 | 210 | / | 100 |
| Ancient of Wonders | 1 | 90 | / | 30 |
| Tree of Life | 2 | 680 | / | 370 |
| Ancient of Wind | 1 | 150 | / | 140 |
| Chimaera Roost | 2 | 280 | / | 380 |
| Tree of Ages | 1 | 320 | / | 180 |
| Tree of Eternity | 1 | 330 | / | 200 |
| total: | 17 | 3135g | / | 1490w |
| 0:08 | Altar of Elders |
| 0:11 | Wisp |
| 0:11 | Wisp |
| 0:11 | Wisp |
| 0:12 | Wisp |
| 0:31 | Moon Well |
| 1:16 | Moon Well |
| 1:19 | Wisp |
| 1:34 | Ancient of War |
| 1:37 | Wisp |
| 1:46 | Wisp |
| 1:46 | Wisp |
| 2:16 | Moon Well |
| 2:25 | Force of Nature |
| 2:41 | Archer |
| 2:42 | Archer |
| 2:45 | Archer |
| 3:00 | Tree of Ages |
| 3:20 | Moon Well |
| 3:54 | Hunter's Hall |
| 3:59 | Ancient of Wonders |
| 4:13 | Entangling Roots |
| 4:19 | Moon Well |
| 4:23 | Archer |
| 4:48 | Archer |
| 5:02 | Ancient Protector |
| 5:15 | Moon Well |
| 5:48 | Ancient of Wind |
| 5:56 | Wisp |
| 5:56 | Wisp |
| 5:56 | Wisp |
| 5:57 | Wisp |
| 6:11 | Moon Well |
| 6:19 | Force of Nature |
| 7:44 | Tree of Eternity |
| 7:59 | Trueshot Aura |
| 8:29 | Hippogryph |
| 8:29 | Hippogryph |
| 8:29 | Hippogryph |
| 8:31 | Sentinel |
| 8:32 | Improved Bows |
| 8:33 | Huntress |
| 8:34 | Archer |
| 8:37 | Huntress |
| 9:34 | Entangling Roots |
| 9:58 | Searing Arrows |
| 10:09 | Wisp |
| 10:09 | Wisp |
| 10:09 | Wisp |
| 10:10 | Nature's Blessing |
| 11:14 | Chimaera Roost |
| 11:44 | Tree of Life |
| 12:39 | Chimaera |
| 12:44 | Wisp |
| 12:45 | Wisp |
| 12:45 | Wisp |
| 12:45 | Wisp |
| 13:18 | Well Spring |
| 13:23 | Huntress |
| 13:34 | Scroll of Town Portal |
| 13:50 | Chimaera |
| 13:50 | Chimaera |
| 15:30 | Chimaera |
| 15:34 | Chimaera Roost |
| 16:36 | Tree of Life |
| Right click | 228 |
| Select | 166 |
| Build/train/purchase | 56 |
| Use ability | 20 |
| Assign group | 18 |
| Select group | 17 |
| Resource trade | 12 |
| Item give/drop | 1 |
| Remove unit | 1 |
⇛